 Dungeon Sprint DCSS version 0.17-a0-1046-ga09e34d (webtiles) character file.

1010 drasked the Unseen (level 8, -4/36 HPs)
             Began as a Spriggan Enchanter on May 15, 2015.
             Was an Initiate of Dithmenos.
             Slain by a sun demon (17 damage)
             ... summoned by a kobold demonologist
             ... in the Dungeon (Sprint I: "Red Sonja").
             The game lasted 00:06:58 (467 turns).

drasked the Unseen (Spriggan Enchanter)              Turns: 467, Time: 00:06:58

Health: -4/36      AC:  3    Str:  4    XL:     8   Next: 1%
Magic:  7/13       EV: 18    Int: 19    God:    Dithmenos [......]
Gold:   330        SH:  0    Dex: 16    Spells: 3 memorised, 6 levels left

rFire  . . .     SeeInvis +     l - +0 dagger (venom)
rCold  . . .     Clarity  .     b - +1 robe
rNeg   . . .     SustAb   .     (shield restricted)
rPois  .         Gourm    .     (helmet restricted)
rElec  .         Spirit   .     (no cloak)
rCorr  .         Warding  .     (gloves unavailable)
rMut   .         NoTele   +     (boots unavailable)
MR     +....                    (no amulet)
Stlth  +++++++++.               (no ring)
                                m - ring of stealth {Stlth+}

@: very quick, somewhat resistant to hostile enchantments, incredibly stealthy
A: unfitting armour, see invisible, herbivore 3, speed 3, slow metabolism 2
a: Renounce Religion


You were in the Dungeon.
You worshipped Dithmenos.
Dithmenos was noncommittal.
You were not hungry.

You visited 1 branch You collected 522 gold pieces.
You spent 192 gold pieces at shops.

Inventory:

Hand weapons
 a - a +1 dagger
 l - a +0 dagger of venom (weapon)
   (You took it off Sonja in the Dungeon)
Missiles
 k - 5 curare-tipped needles
Armour
 b - a +1 robe (worn)
Jewellery
 m - a ring of stealth (left hand) {Stlth+}
   (You bought it in a shop in the Dungeon)
Scrolls
 j - a scroll of blinking {!r}
Potions
 e - a potion of curing
 f - a potion of heal wounds
 g - a potion of haste
 h - 2 potions of magic
 i - a potion of lignification {unknown}
Books
 c - a book of Maledictions
Comestibles
 d - a bread ration {@e1}


   Skills:
 + Level 11.0 Short Blades
 - Level 3.0 Dodging
 * Level 20.2 Stealth
 - Level 2.6 Spellcasting
 - Level 3.6 Hexes


You had 6 spell levels left.
You knew the following spells:

 Your Spells              Type           Power        Failure   Level  Hunger
a - Ensorcelled Hibernat  Hex/Ice        #.....       14%         2    ##.....
c - Confuse               Hex            ###.....     12%         3    ###....
v - Corona                Hex            ###....      4%          1    None


Dungeon Overview and Level Annotations

Branches:
Dungeon (1/1)

Altars:
Cheibriados
Dithmenos
Elyvilon
Fedhas
Gozag
Kikubaaqudgha
Makhleb
Nemelex Xobeh
Okawaru
Qazlal
Ru
Sif Muna
Trog
Vehumet
Xom
Yredelemnul
Zin
The Shining One
Jiyva

Shops:
D =


Innate Abilities, Weirdness & Mutations

You are tiny and cannot use many weapons and most armour.
You have supernaturally acute eyesight.
You are a herbivore.
You cover ground extremely quickly.
You need consume almost no food.


Message History

There is an entrance to Kemy's Jewellery Emporium here.
m - an uncursed ring of stealth {Stlth+} Thank you for shopping at Kemy's Jewellery Emporium!
Put on which piece of jewellery? (? for menu, Esc to quit)
m - a ring of stealth (left hand) {Stlth+} You see here a yak corpse.
There is an open door, spattered with blood here.
You see here a club.
There is an open door here.
There is an open door here.
You open the door.
There is an open door here.
You now have 249 gold pieces (gained 27).
You now have 276 gold pieces (gained 27).
You now have 303 gold pieces (gained 27).
You now have 330 gold pieces (gained 27).
You open the door.
A giant eyeball and a kobold demonologist come into view.
A kobold demonologist comes into view. It is wielding a dagger.
The kobold demonologist shouts!
The giant eyeball turns its gaze towards you.
The kobold demonologist shouts!
There is an open door here.
The kobold demonologist hits you but does no damage.
Aim: a kobold demonologist, wielding a dagger and wearing a robe (chance to defeat MR: 24%)
The kobold demonologist resists with almost no effort.
The kobold demonologist hits you with a dagger.
The kobold demonologist closely misses you.
You take 2 damage, and have 34/36 hp.
You now have 11/13 mp.
Aim: a kobold demonologist, wielding a dagger and wearing a robe (chance to defeat MR: 24%)
The kobold demonologist resists with almost no effort.
The giant eyeball gazes at you.
You suddenly lose the ability to move!
The kobold demonologist hits you with a dagger.
The kobold demonologist completely misses you.
The kobold demonologist completely misses you.
The kobold demonologist hits you with a dagger.
You can move again.
You take 4 damage, and have 30/36 hp.
You now have 9/13 mp.
Aim: a kobold demonologist, wielding a dagger and wearing a robe (chance to defeat MR: 24%)
The kobold demonologist resists with almost no effort.
The kobold demonologist hits you with a dagger. x2
You take 6 damage, and have 24/36 hp.
You now have 7/13 mp.
Aim: a kobold demonologist, wielding a dagger and wearing a robe (chance to defeat MR: 24%)
The kobold demonologist resists with almost no effort.
The kobold demonologist barely misses you. x2
The giant eyeball gazes at you.
You shrug off the repeated paralysis!
You now have 5/13 mp.
Aim: a kobold demonologist, wielding a dagger and wearing a robe (chance to defeat MR: 24%)
The kobold demonologist resists with almost no effort.
The kobold demonologist looks braver.
The kobold demonologist hits you but does no damage.
You now have 3/13 mp.
There is an open door here.
The kobold demonologist gestures wildly while chanting.
You feel troubled.
There is an open door here.
The kobold demonologist gestures wildly while chanting.
You close the door.
A chaos spawn opens the door.
There is an open door here.
Which direction?
There isn't anything that you can close there!
There is an open door here.
Which direction?
You close the door.
A chaos spawn opens the door.
There is an open door here.
Things that are here:
a scythe of venom; a robe You close the door.
You open the door.
A chaos spawn opens the door.
The chaos spawn degenerates into a cloud of primal chaos!
The kobold demonologist gestures wildly while chanting.
There is an open door here.
Things that are here:
a giant club; an ogre skeleton Which direction?
Unknown command.
Which direction?
You close the door.
The kobold demonologist gestures wildly while chanting.
You close the door.
A sun demon opens the door.
The kobold demonologist gestures wildly while chanting.
There is an open door here.
There is an open door here.
There is an open door here.
There is a fountain of clear blue water here.
There is a fountain of clear blue water here.
The sun demon hits you but does no damage.
The quasit barely misses you. x2
The quasit misses you.
Unknown command.
There is a staircase leading out of the dungeon here.
You barely miss the quasit. The quasit misses you. x2
The quasit barely misses you. The sun demon hits you!
You are engulfed in flames!
You die...

###################
#<5#.)'..#.)'5K#__#
#3@'.K#.)'.5#..'..K
#..#####+#####'#__#
#..####J.#...#)####
#..#__####..##.#≈§
#..#_..__##'#..+§§
#⌠⌠#_.∩..†'..._#§§
####_..._##_.#'# +
#_____###'#[#
#########.###


You could see a sun demon, a kobold demonologist and a quasit.

Vanquished Creatures
  Sonja (D)
  Sigmund (D)
  A yak (D)
  An ogre (D)
  A jelly (D)
  Ijyb (D)
6 creatures vanquished.

Vanquished Creatures (others)
  A gargoyle (D)
1 creature vanquished.

Grand Total: 7 creatures vanquished

Notes
Turn   | Place    | Note
--------------------------------------------------------------
     0 | D        | drasked the Spriggan Enchanter began the quest for the Orb.
     0 | D        | Reached XP level 1. HP: 9/9 MP: 5/5
     2 | D        | Noticed Ijyb
    11 | D        | Killed Ijyb
    11 | D        | Reached skill level 3 in Short Blades
    11 | D        | Reached skill level 8 in Stealth
    11 | D        | Reached XP level 2. HP: 13/13 MP: 6/6
    21 | D        | Learned a level 2 spell: Ensorcelled Hibernation
    21 | D        | Noticed an ogre
    24 | D        | Killed an ogre
    24 | D        | Reached skill level 5 in Short Blades
    24 | D        | Reached skill level 12 in Stealth
    24 | D        | Reached XP level 3. HP: 12/16 MP: 8/8
    24 | D        | Reached XP level 4. HP: 15/21 MP: 9/9
    92 | D        | Noticed Sigmund
    95 | D        | Killed Sigmund
    95 | D        | Reached skill level 7 in Short Blades
    95 | D        | Reached skill level 15 in Stealth
    95 | D        | Reached XP level 5. HP: 24/24 MP: 10/10
    95 | D        | Reached XP level 6. HP: 28/28 MP: 11/11
   109 | D        | Found a deep blue altar of Sif Muna.
   110 | D        | Noticed a jelly
   111 | D        | Found a radiant altar of Vehumet.
   115 | D        | Killed a jelly
   115 | D        | Reached skill level 8 in Short Blades
   124 | D        | Found a snail-covered altar of Cheibriados.
   124 | D        | Found a viscous altar of Jiyva.
   124 | D        | Found a shadowy altar of Dithmenos.
   124 | D        | Found a blossoming altar of Fedhas.
   124 | D        | Noticed a slime creature
   142 | D        | Learned a level 3 spell: Confuse
   175 | D        | Became a worshipper of Dithmenos the Shadowed
   336 | D        | Noticed Sonja
   340 | D        | Killed Sonja
   340 | D        | Reached skill level 10 in Short Blades
   340 | D        | Reached skill level 19 in Stealth
   340 | D        | Reached XP level 7. HP: 32/32 MP: 12/12
   358 | D        | Killed a gargoyle
   377 | D        | Found Kemy's Jewellery Emporium.
   377 | D        | Found a white marble altar of Elyvilon.
   377 | D        | Found a stormy altar of Qazlal.
   377 | D        | Found a burning altar of Makhleb.
   377 | D        | Found a sacrificial altar of Ru.
   377 | D        | Found a basalt altar of Yredelemnul.
   377 | D        | Found a glowing golden altar of the Shining One.
   377 | D        | Found a sparkling altar of Nemelex Xobeh.
   377 | D        | Found a shimmering altar of Xom.
   377 | D        | Found an opulent altar of Gozag.
   377 | D        | Found an ancient bone altar of Kikubaaqudgha.
   377 | D        | Found a glowing silver altar of Zin.
   377 | D        | Noticed a yak
   378 | D        | Found an iron altar of Okawaru.
   379 | D        | Killed a yak
   379 | D        | Reached skill level 11 in Short Blades
   379 | D        | Reached skill level 20 in Stealth
   379 | D        | Reached XP level 8. HP: 36/36 MP: 13/13
   380 | D        | Found a bloodstained altar of Trog.
   384 | D        | Bought an uncursed ring of stealth for 192 gold pieces
   412 | D        | Noticed a kobold demonologist
   413 | D        | Noticed a kobold demonologist
   416 | D        | Paralysed by a giant eyeball for 2 turns
   442 | D        | Noticed a sun demon
   467 | D        | Slain by a sun demon

Vault maps used:
D:        dungeon_sprint_1

Action                   |  1- 3 |  4- 6 |  7- 9 || total
-------------------------+-------+-------+-------++-------
Melee: Dagger            |     7 |     3 |     2 ||    12
 Cast: Ensorcelled Hiber |       |     2 |     5 ||     7
       Confuse           |       |     1 |       ||     1
  Use: Potion            |     1 |       |       ||     1
 Stab: Sleeping          |     1 |     3 |     1 ||     5

Vault maps used:
D:        dungeon_sprint_1

Table legend:
 A = Turns spent in this place as a percentage of turns spent in the entire game.
 B = Non-inter-level travel turns spent in this place as a percentage of non-inter-level travel turns spent in the entire game.
 C = Inter-level travel turns spent in this place as a percentage of turns spent in this place.
 D = Turns resting spent in this place as a percentage of non-inter-level travel turns spent in this place.
 E = Turns spent auto-exploring this place as a percentage of non-inter-level travel turns spent in this place.
 F = Non-inter-level travel turns spent in this place divided by the number of levels of this place that you've seen.
                   A       B       C       D       E      F
               +-------+-------+-------+-------+-------+----------------------
         Total | 100.0 | 100.0 |   0.0 |   3.6 |   0.0 | 276.0
       Dungeon | 100.0 | 100.0 |   0.0 |   3.6 |   0.0 | 276.0
               +-------+-------+-------+-------+-------+----------------------

Table legend:
 A = Kills in this place as a percentage of kills in entire the game.
 B = Kills by you in this place as a percentage of kills by you in the entire game.
 C = Kills by friends in this place as a percentage of kills by friends in the entire game.
 D = Other kills in this place as a percentage of other kills in the entire game.
 E = Experience gained in this place as a percentage of experience gained in the entire game.
 F = Experience gained in this place divided by the number of levels of this place that you have seen.
                   A       B       C       D       E      F
               +-------+-------+-------+-------+-------+----------------------
         Total | 100.0 | 100.0 |  -nan |  -nan | 100.0 | 1443.0
       Dungeon | 100.0 | 100.0 |  -nan |  -nan | 100.0 | 1443.0
               +-------+-------+-------+-------+-------+----------------------
